 Dungeon Crawl Stone Soup version 0.29-a0-451-gfbfa42419e (webtiles) character file.

Game seed: 9854489000368428657

69 acebull12 the Poker (level 4, -2/34 HPs)
             Began as a Demonspawn Gladiator on May 19, 2022.
             Was a Follower of Okawaru.
             Succumbed to a scorpion's poison
             ... on level 5 of the Dungeon.
             The game lasted 00:04:16 (2067 turns).

acebull12 the Poker (Demonspawn Gladiator)          Turns: 2067, Time: 00:04:17

Health: -2/34      AC:  6    Str: 16    XL:     4   Next: 2%
Magic:  4/4        EV: 11    Int: 10    God:    Okawaru [*.....]
Gold:   80         SH:  0    Dex: 14    Spells: 3/3 levels left

rFire   . . .      SeeInvis .   a - +0 trident
rCold   . . .      Faith    .   (no shield)
rNeg    . . .      Spirit   .   k - +0 ring mail
rPois   .          Reflect  .   c - +0 helmet
rElec   .          Harm     .   (no cloak)
rCorr   .          Rampage  .   (no gloves)
Will    .....                   (no boots)
Stlth   +.........              (no amulet)
HPRegen 0.11/turn               (no ring)
MPRegen 0.09/turn               (no ring)

@: mighty, lethally poisoned (-2 -> -24)
A: ignite blood 1, weakness stinger 2
a: Renounce Religion, Heroism


You were on level 5 of the Dungeon.
You worshipped Okawaru.
Okawaru was aware of your devotion.
You visited 1 branch of the dungeon, and saw 5 of its levels.

You collected 80 gold pieces.

Inventory:

Hand Weapons
 a - a +0 trident (weapon)
Missiles
 d - 3 throwing nets (quivered)
 e - a javelin
Armour
 b - a +0 leather armour
 c - a +0 helmet (worn)
 j - a +0 chain mail
 k - a +0 ring mail (worn)
Scrolls
 f - a scroll of blinking {unknown}
 h - 3 scrolls of identify {unknown}
 i - a scroll of magic mapping {unknown}
 l - a scroll of fog {unknown}
 m - a scroll of enchant weapon {unknown}
 n - a scroll of acquirement {unknown}
 r - a scroll of noise {unknown}
Potions
 g - a potion of attraction {unknown}
 p - a potion of flight {unknown}
 q - a potion of magic {unknown}


   Skills:
 * Level 2.5 Fighting
 * Level 3.5 Polearms
 - Level 1.9 Throwing
 * Level 1.2 Armour
 + Level 3.0 Dodging


You had 3 spell levels left.
You didn't know any spells.
Your spell library was empty.

Dungeon Overview and Level Annotations

Branches:
Dungeon (6/15)
 Temple: D:4-7

Altars:
Okawaru


Innate Abilities, Weirdness & Mutations

Your demonic aura sometimes causes spilled blood to erupt in flames.
You have a tail ending in a sharp stinger.


Message History

Okawaru accepts your kill.
Your Armour skill increases to level 1!
You have reached level 4!
You feel clever.
Your demonic ancestry asserts itself...
Your tail grows a sharp stinger.
You see here a hound corpse. 2 orcs and a scorpion come into view.
Found a book of the Senses.
The orc shouts!
An orc comes into view. It is wielding a +0 club.
The orc shouts!
You open the door.
Found a ring mail.
Found a stone staircase leading down.
Found a stone staircase leading up.
There is an open door here.
You see here a +0 ring mail.
The scorpion attacks as you move away! The scorpion stings you.
The scorpion attacks as you move away! The scorpion stings you.
There is a stone staircase leading down here.
The scorpion attacks as you move away! The scorpion stings you.
You are poisoned.
The scorpion poisons you!
You feel sick.
You feel sick.
You feel sick. The scorpion stings you.
You are more poisoned.
The scorpion poisons you!
You feel very sick.
There is a stone staircase leading up here.
You feel very sick. The scorpion stings you.
* * * LOW HITPOINT WARNING * * *
You are more poisoned.
The scorpion poisons you!
You climb upwards.
* * * LOW HITPOINT WARNING * * *
You feel very sick.
There is a stone staircase leading down here.
It was a potion of might.
You feel very mighty all of a sudden.
You die...

#########
#.......#
#.h.....#
#.......#
#.......#
#.......#
#.....s@#
##...####
#.


You could see a scorpion and a hound.

Vanquished Creatures
  A hound (D:6)
  An adder (D:2)
  2 dart slugs (D:1)
  3 hobgoblins
  4 jackals (D:1)
  2 quokkas (D:2)
  4 ball pythons (D:2)
  4 bats
  2 frilled lizards (D:2)
  2 goblins (D:1)
  A kobold (D:2)
  2 rats
28 creatures vanquished.

Notes
Turn   | Place    | Note
-------+----------+-------------------------------------------
     0 | D:1      | acebull12 the Demonspawn Gladiator began the quest for the
                  | Orb.
     0 | D:1      | Reached XP level 1. HP: 16/16 MP: 1/1
   399 | D:1      | Found a faded altar of an unknown god.
   483 | D:1      | Prayed at the altar of an unknown god.
   483 | D:1      | Became a worshipper of Warmaster Okawaru
   483 | D:1      | Reached * piety under Okawaru
   506 | D:1      | Gained mutation: You have a small tail. [demonic ancestry]
   506 | D:1      | Reached XP level 2. HP: 21/22 MP: 2/2
  1145 | D:2      | Gained mutation: Your demonic aura sometimes causes spilled
                  | blood to erupt in flames. [demonic ancestry]
  1145 | D:2      | Reached XP level 3. HP: 27/27 MP: 3/3
  2031 | D:3      | You fall into a shaft and drop 3 floors!
  2042 | D:6      | Reached skill level 1 in Armour
  2042 | D:6      | Gained mutation: You have a tail ending in a sharp stinger.
                  | [demonic ancestry]
  2042 | D:6      | Reached XP level 4. HP: 27/34 MP: 4/4
  2049 | D:6      | Noticed a scorpion
  2066 | D:5      | Entered Level 5 of the Dungeon
  2067 | D:5      | Succumbed to a scorpion's poison

Illustrated notes

Levels and vault maps discovered:
D:1:      minmay_arrival_five_plusses, layout_loops_cross, serial_aquarium,
          aquarium_bridge_straight [aquarium_subvault_bridge,
          aquarium_subvault_wall, aquarium_subvault_bridge,
          aquarium_subvault_wall], aquarium_window_fake, aquarium_window_fake,
          aquarium_window_fake, aquarium_window_fake, aquarium_view_2a,
          aquarium_balcony_1b, hellmonk_ecumenical_altar_crossroads,
          hangedman_decor_clover_reticule
D:2:      layout_basic, minmay_door_square
D:3:      layout_basic
D:5:      layout_gridville
D:6:      layout_gridville, minmay_increasing_density

Skill      XL: |  1  2  3 |
---------------+----------+-----
Polearms       | 3 |  3.5
Dodging        | 3 |  3.0
Armour         | 1 |  1.2
Fighting       | |  2.5
Throwing       | |  1.9

Action                   |  1- 3 |  4- 6 || total
-------------------------+-------+-------++-------
Melee: Trident           |    90 |       ||    90
       Tailslap          |     4 |       ||     4
  Use: Potion            |       |     1 ||     1
Armor: Leather armour    |    14 |       ||    14
       Ring mail         |    10 |       ||    10
Dodge: Dodged            |    55 |       ||    55

Table legend: (Time is in decaauts)
 A = Elapsed time spent in this place.
 B = Non-inter-level travel time spent in this place.
 C = Inter-level travel time spent in this place.
 D = Time resting spent in this place.
 E = Time spent auto-exploring this place.
 F = Levels seen in this place.
 G = Mean time per level.
                   A        B        C        D        E       F      G
               +--------+--------+--------+--------+--------+-----+--------+
         Total |   2082 |   1696 |    386 |     25 |   1358 |   5 |  416.4 |
       Dungeon |   2082 |   1696 |    386 |     25 |   1358 |   5 |  416.4 |
               +--------+--------+--------+--------+--------+-----+--------+

Top non-repeatable levels by time:
     D:1: 1055 daAuts
     D:2: 960 daAuts
     D:6: 35 daAuts
     D:3: 30 daAuts
     D:5: 0 daAuts
